 Dungeon Crawl Stone Soup version 0.27-a0-1324-ge0d8e047f6 (webtiles) character file.

Game seed: 17574806200412509352

14310 Sobieck the Cleaver (level 12, -14/104 HPs)
             Began as a Hill Orc Abyssal Knight on June 23, 2021.
             Was a High Priest of Lugonu.
             Demolished by a skeletal warrior (16 damage)
             ... led by a skeletal warrior
             ... on level 15 of the Dungeon.
             The game lasted 00:36:51 (18182 turns).

Sobieck the Cleaver (Hill Orc Abyssal Knight)      Turns: 18182, Time: 00:36:52

Health: -14/104    AC: 21    Str: 20    XL:     12   Next: 15%
Magic:  20/20      EV: 11    Int: 14    God:    Lugonu [*****.]
Gold:   674        SH:  0    Dex: 10    Spells: 11/11 levels left

rFire    . . .     SeeInvis .   o - +2 battleaxe (vorpal) {axe}
rCold    + + .     Faith    .   (shield currently unavailable)
rNeg     . . .     Spirit   .   y - +7 ring mail "Vaoschus" {+Blink rC+ Int+2}
rPois    .         Reflect  .   c - +2 helmet
rElec    .         Harm     .   B - +1 cloak
rCorr    +         Rampage  .   (no gloves)
Will     .....                  q - +2 pair of boots
Stlth    ..........             l - amulet of magic regeneration {@e2}
HPRegen  0.27/turn              a - ring of protection from cold
MPRegen  0.42/turn              t - ring of resist corrosion

@: no status effects
A: no striking features
a: Renounce Religion, Evoke Blink, Depart the Abyss, Bend Space, Banish,
Corrupt, Enter the Abyss


You were on level 15 of the Dungeon.
You worshipped Lugonu.
Lugonu was extremely pleased with you.
You visited 1 branch of the dungeon, and saw 13 of its levels.
You visited the Abyss 1 time.

You collected 674 gold pieces.


   Skills:
 + Level 9.2 Fighting
 + Level 13.3 Axes
 - Level 7.0 Throwing
 - Level 5.0 Armour
 - Level 3.0 Dodging
 + Level 11.7 Invocations
 - Level 7.0 Evocations


You had 11 spell levels left.
You didn't know any spells.
Your spell library contained the following spells:

 Spells                   Type           Power      Damage    Failure   Level
 Freeze                   Ice            0%         1d3       43%         1
 Summon Small Mammal      Summ           0%         N/A       43%         1
 Call Imp                 Summ           0%         N/A       56%         2
 Passwall                 Tmut/Erth      0%         N/A       56%         2
 Poisonous Vapours        Pois/Air       0%         N/A       56%         2
 Static Discharge         Conj/Air       0%         N/A       56%         2
 Call Canine Familiar     Summ           0%         N/A       80%         3
 Confusing Touch          Hex            0%         N/A       80%         3
 Frozen Ramparts          Ice            0%         1d2       80%         3
 Gell's Gravitas          Tloc           0%         N/A       80%         3
 Ozocubu's Armour         Ice            0%         N/A       80%         3
 Summon Guardian Golem    Hex/Summ       0%         N/A       80%         3
 Airstrike                Air            0%         N/A       99%         4
 Hailstorm                Conj/Ice       0%         3d3       99%         4
 Petrify                  Tmut/Erth      0%         N/A       99%         4
 Summon Ice Beast         Ice/Summ       0%         N/A       99%         4
 Summon Lightning Spire   Summ/Air       0%         N/A       99%         4
 Alistair's Intoxication  Tmut/Pois      0%         N/A       100%        5
 Blade Hands              Tmut           0%         N/A       100%        5
 Metabolic Englaciation   Hex/Ice        0%         N/A       100%        5
 Yara's Violent Unravell  Hex/Tmut       0%         3d3       100%        5

Inventory:

Hand Weapons
 b - a +4 flail {mace}
   (You took it off a wight on level 3 of the Dungeon)
 n - a +1 flail of protection {mace}
   (You took it off an orc on level 3 of the Dungeon)
 o - a +2 vorpal battleaxe (weapon) {axe}
   (You took it off a wight on level 4 of the Dungeon)
 v - the +6 falchion of Circularity {vorpal, rC- Str+9 Int+5 Stlth-, long}
   (You found it on level 12 of the Dungeon)

   It inflicts extra damage upon your enemies.
   It affects your strength (+9).
   It affects your intelligence (+5).
   It makes you vulnerable to cold.
   It makes you less stealthy.
 x - a +3 hand axe {axe}
   (You took it off a wight on level 9 of the Dungeon)
Missiles
 d - 142 bolts
 e - 5 javelins {throwing}
 f - 369 stones {throwing}
 h - 76 sling bullets
 j - 5 boomerangs {throwing}
 p - 208 arrows
 s - 3 throwing nets {=f!fthrowing}
 w - a curare-tipped dart {=fthrowing}
 C - 4 poisoned darts (quivered) {throwing}
Armour
 c - a +2 helmet (worn)
   (You found it on level 1 of the Abyss)
 q - a +2 pair of boots (worn)
   (You found it on level 3 of the Dungeon)
 y - the +7 ring mail "Vaoschus" (worn) {+Blink rC+ Int+2}
   (You found it on level 5 of the Dungeon)

   It affects your intelligence (+2).
   It protects you from cold.
   It lets you blink.
 B - a +1 cloak (worn)
   (You took it off Crazy Yiuf on level 4 of the Dungeon)
Magical Staves
 G - a staff of cold {!astaff}
   (You found it on level 15 of the Dungeon)
Jewellery
 a - a ring of protection from cold (left hand)
   (You found it on level 7 of the Dungeon)
 l - an amulet of magic regeneration (around neck) {@e2}
   (You found it on level 1 of the Dungeon)
 t - a ring of resist corrosion (right hand)
   (You found it on level 8 of the Dungeon)
Wands
 i - a wand of paralysis (15)
   (You found it on level 3 of the Dungeon)
 F - a wand of polymorph (8)
   (You found it on level 10 of the Dungeon)
Scrolls
 g - a scroll of immolation {!r!r}
 D - 2 scrolls of teleportation {@r4}
Potions
 k - 2 potions of curing {unknown}
 m - 2 potions of resistance
 r - 4 potions of attraction {!q}
 u - a potion of flight
 z - 3 potions of lignification {!q}
 A - 2 potions of haste {@q3}
 E - a potion of brilliance {unknown}

Dungeon Overview and Level Annotations

Branches:
Dungeon (12/15)            Temple (0/1) D:4            Lair (0/6) D:8
    Orc (0/2) D:9

Altars:
Cheibriados
Kikubaaqudgha
Xom
Zin
The Shining One

Shops:
D:1 :   D:6 [!   D:9 *

Annotations:
D:5 1 runed translucent door, atabob's ghost, novice DsAK
Abyss:1 Erica; Harold

.## #..##..# #..#
[.# #..# ..#
#..##..# #......#
#......# #...#..#
#z..#..#
##########@.....#
................#
.###............#
.......##.......#
................#
######........[.#
#..##......# #..
#..###.# #.. #..#
.#


You could see a skeletal warrior.


Message History

You slice the centaur!!
You kill the centaur!
Lugonu accepts your kill.
No target in view!
No target in view!
No target in view!
p - 208 arrows (gained 8)
Things that are here:
a +0 shortbow {bow}; a centaur corpse
v - the +6 falchion of Circularity {vorpal, rC- Str+9 Int+5 Stlth-, long}
There is a stone staircase leading up here.
You fall into a shaft and drop 3 floors!
The shaft crumbles and collapses.
Okay, then.
A basilisk comes into view.
The basilisk hisses angrily.
You slash the basilisk! The basilisk gazes at you. You resist with some effort.
You slice the basilisk!!
You kill the basilisk!
Lugonu accepts your kill.
G - a staff of cold {!astaff} A skeletal warrior comes into view.
It is wielding a +0 dire flail.
Unknown command.
The skeletal warrior misses you.
You slash the skeletal warrior!
The skeletal warrior hits you with a +0 dire flail!! 😕 HP[-24]
You take 24 damage, and now have 80/104 hp.
MASSIVE DAMAGE!! (PAUSE)
You hit the skeletal warrior.
The skeletal warrior hits you with a +0 dire flail! 😮 HP[-16]
You take 16 damage, and now have 64/104 hp.
You hit the skeletal warrior but do no damage.
The skeletal warrior barely misses you.
You slice the skeletal warrior!!
The skeletal warrior hits you but does no damage.
Unknown command.
You closely miss the skeletal warrior.
The skeletal warrior hits you with a +0 dire flail!
* * * LOW HITPOINT WARNING * * *
😨 HP[-12]
You take 12 damage, and now have 52/104 hp.
You barely miss the skeletal warrior.
The skeletal warrior hits you with a +0 dire flail!
* * * LOW HITPOINT WARNING * * *
😨 HP[-14]
You take 14 damage, and now have 38/104 hp.
Unknown command.
You closely miss the skeletal warrior.
The skeletal warrior hits you with a +0 dire flail!
* * * LOW HITPOINT WARNING * * *
😨 HP[-11]
You take 11 damage, and now have 27/104 hp.
Unknown command.
You closely miss the skeletal warrior.
The skeletal warrior hits you with a +0 dire flail.
* * * LOW HITPOINT WARNING * * *
Unknown command.
You hit the skeletal warrior but do no damage.
The skeletal warrior hits you with a +0 dire flail!!
* * * LOW HITPOINT WARNING * * *
😱 HP[-20]
You take 20 damage, and now have 7/104 hp.
Unknown command.
You hit the skeletal warrior.
The skeletal warrior hits you with a +0 dire flail.
* * * LOW HITPOINT WARNING * * *
😱 HP[-1]
You take 1 damage, and now have 6/104 hp.
Unknown command.
You barely miss the skeletal warrior.
The skeletal warrior hits you with a +0 dire flail.
* * * LOW HITPOINT WARNING * * *
😱 HP[-1]
You take 1 damage, and now have 5/104 hp.
Unknown command.
You hit the skeletal warrior.
The skeletal warrior hits you with a +0 dire flail.
* * * LOW HITPOINT WARNING * * *
😱 HP[-1]
You take 1 damage, and now have 4/104 hp.
Unknown command.
You barely miss the skeletal warrior.
The skeletal warrior hits you with a +0 dire flail.
* * * LOW HITPOINT WARNING * * *
😱 HP[-3]
You take 3 damage, and now have 1/104 hp.
Unknown command.
You hit the skeletal warrior.
The skeletal warrior hits you but does no damage.
You closely miss the skeletal warrior. The skeletal warrior misses you.
You barely miss the skeletal warrior.
The skeletal warrior barely misses you. 😱 HP[+1] Unknown command.
You hit the skeletal warrior.
The skeletal warrior hits you with a +0 dire flail!
You die...

Skill      XL: |  1  2  3  4  5  6  7  8  9 10 11 12 |
---------------+-------------------------------------+-----
Axes           | 3 5 7 9 11 12 13 | 13.3
Fighting       | 4 5 7 8 9 |  9.2
Invocations    | 3 5 6 9 10 11 | 11.7
Throwing       | 2 4 5 7 |  7.0
Evocations     | 2 4 5 7 |  7.0
Dodging        | 3 |  3.0
Armour         | 5 |  5.0

Action                   |  1- 3 |  4- 6 |  7- 9 | 10-12 || total
-------------------------+-------+-------+-------+-------++-------
Melee: Hand axe          |   152 |   173 |   162 |       ||   487
       Battleaxe         |       |       |   208 |   405 ||   613
Throw: Boomerang         |       |       |     8 |       ||     8
       Dart              |       |       |       |     6 ||     6
       Javelin           |       |       |       |     2 ||     2
Invok: Depart the Abyss  |     1 |       |       |       ||     1
       Banish            |       |       |       |     6 ||     6
  Use: Scroll            |     5 |     3 |     7 |     6 ||    21
       Potion            |     1 |     1 |     2 |     1 ||     5
 Stab: Sleeping          |     1 |       |       |       ||     1
Armor: Leather armour    |    39 |    37 |    23 |       ||    99
       Chain mail        |       |       |    51 |       ||    51
       Ring mail         |       |       |   114 |   295 ||   409
Dodge: Dodged            |    75 |    83 |   185 |   243 ||   586

Levels and vault maps discovered:
D:1:      sevenhm_arrival_forest_fort_small_5, layout_basic, serial_shops,
          nicolae_shop_stone, hellmonk_ecumenical_altar_run_dry, st_stairs_12
D:2:      layout_basic, minmay_octomino_j4, uniq_sigmund
D:3:      layout_loops_ring, xom_confusion_cloud
D:4:      cheibrodos_pilgrimage, layout_rooms, minmay_temple_entry_hall,
          uniq_robin, uniq_natasha, uniq_crazy_yiuf_cottage
D:5:      layout_rooms, gammafunk_ghost_grave, uniq_menkaure
D:6:      layout_loops_ring, nicolae_ossuary_entry_giza, st_stairs_9,
          nicolae_stop_n_shop_1, nicolae_take_the_stairs, minmay_ogre_servants
D:7:      cheibrodos_helix_gallery, layout_rooms, lemuel_coloured_pillars_altar,
          uniq_prince_ribbit1, uniq_harold
D:8:      layout_rooms, erik_lair_island, nicolae_water_bricks, uniq_erica
D:9:      minmay_octagon_keep, layout_basic, zin_purify, david_orc_4
D:10:     minmay_slanted_spiral_squares, layout_loops_ring,
          gammafunk_temple_overflow_statue, st_stairs_8,
          chequers_serial_rivers_micro_a
D:11:     layout_irregular_city
D:12:     layout_rooms, gammafunk_ghost_necromancy, minmay_variable_closet,
          minmay_hidden_floor, uniq_urug, uniq_josephine
D:15:     gammafunk_enter_depths_forms, layout_stronghold, serial_bayou_pond_d

Notes
Turn   | Place    | Note
-------+----------+-------------------------------------------
     0 | Abyss:1  | Sobieck the Hill Orc Abyssal Knight began the quest for the
                  | Orb.
     0 | Abyss:1  | Reached XP level 1. HP: 19/19 MP: 2/2
     0 | Abyss:1  | magus.rc [v1.9.6]
    76 | Abyss:1  | Noticed a raiju
    81 | Abyss:1  | HP: 4/19 [raiju (7)]
    82 | D:1      | You pass through the gate.
    82 | D:1      | Escaped the Abyss
   390 | D:1      | Found Penkan's Book Emporium.
   451 | D:1      | Found a faded altar of an unknown god.
   461 | D:1      | Reached skill level 3 in Axes
   462 | D:1      | Reached XP level 2. HP: 26/27 MP: 4/4
   552 | D:1      | Reached skill level 4 in Fighting
   561 | D:1      | Reached skill level 3 in Invocations
  1139 | D:1      | Reached * piety under Lugonu
  1212 | D:1      | Reached XP level 3. HP: 29/33 MP: 5/5
  1789 | D:2      | HP: 7/33 [worm (9)]
  2191 | D:2      | Reached skill level 4 in Axes
  2468 | D:2      | Noticed Sigmund
  2479 | D:2      | Killed Sigmund
  2480 | D:2      | Reached skill level 5 in Axes
  2480 | D:2      | Reached skill level 5 in Invocations
  2480 | D:2      | Reached XP level 4. HP: 22/40 MP: 5/8
  2480 | D:2      | Reached XP level 5. HP: 25/46 MP: 5/9
  2842 | D:3      | Reached XP level 6. HP: 17/52 MP: 10/10
  2856 | D:3      | Reached skill level 6 in Axes
  3125 | D:3      | Reached skill level 6 in Invocations
  3265 | D:3      | Reached ** piety under Lugonu
  3460 | D:4      | Noticed Natasha
  4054 | D:4      | Reached skill level 7 in Axes
  4110 | D:5      | Entered Level 5 of the Dungeon
  4196 | D:6      | Found a sand-covered staircase.
  4347 | D:3      | Found a shimmering altar of Xom.
  4650 | D:3      | Reached XP level 7. HP: 59/59 MP: 11/11
  4775 | D:3      | HP: 12/53 [wight (6)]
  5023 | D:3      | Reached skill level 8 in Axes
  5290 | D:3      | HP: 12/58 [gnoll (9)]
  5292 | D:3      | HP: 3/58 [gnoll (9)]
  5598 | D:3      | Reached *** piety under Lugonu
  5919 | D:4      | Noticed Robin
  6326 | D:3      | Killed Robin
  6327 | D:3      | Reached skill level 9 in Axes
  6415 | D:4      | Killed Natasha
  6421 | D:4      | You pick up a book of Frost and begin reading...
  6421 | D:4      | You add the spells Freeze, Frozen Ramparts, Ozocubu's
                  | Armour, Hailstorm and Metabolic Englaciation to your
                  | library.
  6423 | D:4      | Noticed Natasha
  6446 | D:4      | Reached skill level 1 in Throwing
  6446 | D:4      | Reached skill level 1 in Evocations
  6450 | D:4      | Killed Natasha
  6660 | D:3      | HP: 14/57 [wight (15)]
  6662 | D:3      | Reached skill level 2 in Evocations
  6940 | D:4      | Noticed Natasha
  6956 | D:4      | Killed Natasha
  6957 | D:4      | Reached skill level 2 in Throwing
  6957 | D:4      | Reached XP level 8. HP: 57/66 MP: 12/12
  7024 | D:4      | HP: 12/63 [wight (4)]
  7411 | D:4      | Found a runed translucent door.
  7412 | D:4      | Noticed Crazy Yiuf
  7458 | D:4      | Found a staircase to the Ecumenical Temple.
  7468 | D:4      | Reached skill level 3 in Evocations
  7684 | D:3      | Reached skill level 3 in Throwing
  8174 | D:5      | Found a runed translucent door.
  8174 | D:5      | Noticed atabob's ghost (novice DsAK)
  8179 | D:5      | You pick up a book of Callings and begin reading...
  8179 | D:5      | You add the spells Summon Small Mammal, Call Imp, Call
                  | Canine Familiar, Summon Guardian Golem, Summon Lightning
                  | Spire and Summon Ice Beast to your library.
  8388 | D:5      | Reached skill level 4 in Evocations
  8391 | D:5      | Reached skill level 4 in Throwing
  8624 | D:5      | Identified the +7 ring mail "Vaoschus" {+Blink rC+ Int+2}
  8651 | D:6      | Found Seycrauj's Distillery.
  8688 | D:6      | Reached **** piety under Lugonu
  8772 | D:5      | Noticed Menkaure
  8782 | D:5      | Killed Menkaure
  8789 | D:6      | Found Sikiy's Antique Armour Emporium.
  8966 | D:5      | Reached skill level 5 in Fighting
  9188 | D:4      | Killed Crazy Yiuf
  9189 | D:4      | Reached XP level 9. HP: 74/74 MP: 14/14
  9352 | D:6      | Reached skill level 7 in Invocations
  9627 | D:6      | Reached skill level 10 in Axes
  9862 | D:6      | Reached skill level 6 in Fighting
  9898 | D:6      | Reached skill level 8 in Invocations
 10538 | D:7      | Noticed Prince Ribbit
 10568 | D:6      | Killed Prince Ribbit
 10816 | D:6      | Reached skill level 7 in Fighting
 10857 | D:7      | Reached skill level 11 in Axes
 10863 | D:7      | Reached skill level 9 in Invocations
 11322 | D:7      | Reached XP level 10. HP: 76/86 MP: 17/17
 11322 | D:7      | Noticed Harold
 11365 | D:6      | HP: 14/86 [gnoll (13)]
 11365 | D:6      | HP: 2/86 [gnoll (12)]
 11852 | D:7      | Banished Harold
 11853 | D:7      | Reached skill level 12 in Axes
 11853 | D:7      | Reached skill level 10 in Invocations
 11853 | D:7      | Reached skill level 1 in Dodging
 12302 | D:7      | Found a glowing golden altar of the Shining One.
 12454 | D:8      | You pick up a book of Misfortune and begin reading...
 12454 | D:8      | You add the spells Confusing Touch, Gell's Gravitas,
                  | Petrify and Yara's Violent Unravelling to your library.
 12506 | D:8      | Reached skill level 3 in Armour
 12781 | D:8      | Identified a +1 robe of the Archmagi
 12781 | D:8      | Noticed Erica
 12789 | D:8      | Banished Erica
 12790 | D:8      | Reached skill level 2 in Dodging
 12790 | D:8      | Reached skill level 5 in Evocations
 13009 | D:9      | HP: 15/86 [orc warrior (19)]
 13334 | D:8      | Noticed a death knight
 13374 | D:8      | HP: 19/86 [death knight (22)]
 13376 | D:8      | Banished a death knight
 13377 | D:8      | Reached skill level 5 in Throwing
 13377 | D:8      | Reached skill level 4 in Armour
 13377 | D:8      | Reached skill level 3 in Dodging
 13751 | D:8      | Reached skill level 5 in Armour
 13751 | D:8      | Reached XP level 11. HP: 64/92 MP: 18/18
 13784 | D:8      | Reached skill level 6 in Evocations
 13798 | D:8      | Reached skill level 6 in Throwing
 14019 | D:8      | Found a staircase to the Lair.
 14195 | D:10     | Entered Level 10 of the Dungeon
 14286 | D:9      | Found Zin's Purification Station.
 14291 | D:9      | Found a glowing silver altar of Zin.
 15203 | D:8      | Reached skill level 7 in Evocations
 15485 | D:9      | Found a staircase to the Orcish Mines.
 15562 | D:9      | Reached skill level 7 in Throwing
 16127 | D:9      | Identified the Papyrus of Air and Transmutation
 16128 | D:9      | You add the spells Static Discharge, Poisonous Vapours,
                  | Passwall, Airstrike, Alistair's Intoxication and Blade
                  | Hands to your library.
 16209 | D:10     | Noticed a two-headed ogre
 16213 | D:10     | Killed a two-headed ogre
 16227 | D:10     | Reached ***** piety under Lugonu
 16697 | D:10     | Reached skill level 8 in Fighting
 17049 | D:10     | Noticed a two-headed ogre
 17089 | D:10     | Reached skill level 11 in Invocations
 17099 | D:10     | HP: 22/95 [troll (10)]
 17455 | D:9      | Killed a two-headed ogre
 17456 | D:9      | Reached skill level 13 in Axes
 17598 | D:10     | Reached XP level 12. HP: 77/103 MP: 20/20
 17701 | D:10     | Found an ancient bone altar of Kikubaaqudgha.
 17703 | D:10     | Found a snail-covered altar of Cheibriados.
 17863 | D:10     | Noticed a death knight
 17879 | D:10     | Banished a death knight
 17880 | D:10     | Reached skill level 9 in Fighting
 18110 | D:12     | Identified the +6 falchion of Circularity {vorpal, rC-
                  | Str+9 Int+5 Stlth-}
 18114 | D:12     | You fall into a shaft and drop 3 floors!
 18114 | D:15     | Entered Level 15 of the Dungeon
 18174 | D:15     | HP: 7/104 [skeletal warrior[a skeletal warrior] (20)]
 18178 | D:15     | HP: 1/104 [skeletal warrior[a skeletal warrior] (3)]
 18182 | D:15     | Demolished by a skeletal warrior

Vanquished Creatures
  2 two-headed ogres
  2 freezing wraiths
  5 trolls
  A polar bear (shapeshifter) (D:10)
  Prince Ribbit (D:6)
  Sigmund (D:2)
  A wyvern (D:8)
  2 shadows
  2 wraiths (D:8)
  5 yaks
  A basilisk (D:15)
  Menkaure (D:5)
  3 steam dragons
  A water moccasin (D:6)
  11 orc warriors
  2 sky beasts
  A necrophage (D:6)
  3 ogres
  2 wolves (D:8)
  5 centaurs
  A phantom (D:7)
  A kobold brigand (D:8)
  4 bullfrogs
  A gnoll sergeant (D:10)
  A wyvern zombie (D:9)
  10 killer bees
  14 wights
  4 electric eels
  A howler monkey (D:6)
  5 centaur zombies
  10 hounds
  2 jellies (D:5)
  6 orc priests
  Crazy Yiuf (D:4)
  2 bullfrog skeletons (D:5)
  4 gnoll shamans
  Natasha (thrice) (D:4)
  20 orc wizards
  A killer bee zombie (D:5)
  A mummy (D:6)
  5 howler monkey zombies
  Robin (D:3)
  A howler monkey skeleton (D:5)
  17 gnolls
  4 adders
  A white imp (D:6)
  An ufetubus (D:4)
  2 worms
  A dart slug (D:1)
  50 orcs
  4 ball pythons
  5 bats
  6 endoplasms
  2 giant cockroaches
  25 goblins
  11 hobgoblins
  A jackal (D:1)
  5 quokkas
  A ball python skeleton (D:3)
  2 frilled lizards (D:1)
  A hobgoblin zombie (D:6)
  15 kobolds
  An orc zombie (D:6)
  8 rats
314 creatures vanquished.

Vanquished Creatures (others)
  An adder (D:3)
  A worm (D:3)
  An endoplasm (D:3)
  A hobgoblin (D:3)
  A jackal (D:3)
  A kobold (D:8)
  A rat (D:3)
7 creatures vanquished.

Grand Total: 321 creatures vanquished

Table legend:
 A = Non-vault XP
 B = Vault XP
 C = Vault XP percentage of total XP
 D = Non-vault monster count
 E = Vault monster count
 F = Vault count percentage of total count
                 A         B        C        D         E       F
            +---------+---------+-------+---------+---------+-------
      Total |   10763 |    9681 |  47.4 |     221 |      97 |  30.5
            +---------+---------+-------+---------+---------+-------
        D:1 |      43 |       4 |   8.5 |      25 |       2 |   7.4
        D:2 |      20 |     243 |  92.4 |      11 |       4 |  26.7
        D:3 |     466 |     162 |  25.8 |      38 |      20 |  34.5
        D:4 |     526 |      79 |  13.1 |      20 |       4 |  16.7
        D:5 |     482 |     175 |  26.6 |      18 |       1 |   5.3
        D:6 |    1111 |     671 |  37.7 |      23 |      16 |  41.0
        D:7 |     765 |    1168 |  60.4 |      18 |       3 |  14.3
        D:8 |    3484 |    2151 |  38.2 |      32 |      17 |  34.7
        D:9 |     948 |    1938 |  67.2 |      12 |      18 |  60.0
       D:10 |    2161 |    3090 |  58.8 |      21 |      12 |  36.4
       D:11 |     459 |       0 |   0.0 |       1 |       0 |   0.0
       D:12 |     115 |       0 |   0.0 |       1 |       0 |   0.0
       D:15 |     183 |       0 |   0.0 |       1 |       0 |   0.0
            +---------+---------+-------+---------+---------+-------

Illustrated notes

Table legend:
 A = Kills in this place as a percentage of kills in entire the game.
 B = Kills by you in this place as a percentage of kills by you in the entire game.
 C = Kills by friends in this place as a percentage of kills by friends in the entire game.
 D = Other kills in this place as a percentage of other kills in the entire game.
 E = Experience gained in this place as a percentage of experience gained in the entire game.
 F = Experience gained in this place divided by the number of levels of this place that you have seen.
                   A       B       C       D       E      F
               +-------+-------+-------+-------+-------+----------------------
         Total | 100.0 | 100.0 |   N/A | 100.0 | 100.0 | 1460.3
       Dungeon | 100.0 | 100.0 |   N/A | 100.0 | 100.0 | 1572.6
               +-------+-------+-------+-------+-------+----------------------

Table legend: (Time is in decaauts)
 A = Elapsed time spent in this place.
 B = Non-inter-level travel time spent in this place.
 C = Inter-level travel time spent in this place.
 D = Time resting spent in this place.
 E = Time spent auto-exploring this place.
 F = Levels seen in this place.
 G = Mean time per level.
                   A        B        C        D        E       F      G
               +--------+--------+--------+--------+--------+-----+--------+
         Total |  18356 |  17698 |    658 |   9409 |   4975 |  14 | 1311.1 |
       Dungeon |  18272 |  17614 |    658 |   9409 |   4971 |  13 | 1405.5 |
         Abyss |     83 |     83 |      0 |      0 |      4 |   1 |   83.0 |
               +--------+--------+--------+--------+--------+-----+--------+

Top non-repeatable levels by time:
     D:3: 3846 daAuts
     D:8: 2363 daAuts
     D:6: 2215 daAuts
     D:9: 1790 daAuts
     D:1: 1698 daAuts
    D:10: 1560 daAuts
     D:2: 1372 daAuts
     D:7: 1157 daAuts
     D:4: 1145 daAuts
     D:5: 1017 daAuts
 Abyss:1: 83 daAuts
    D:15: 68 daAuts
    D:11: 27 daAuts
    D:12: 9 daAuts
